 Dungeon Crawl Stone Soup version 0.26.1-11-gd32895ea62 (webtiles) character file.

Game seed: 11229860970240518893

9130 rhet the Zephyrmancer (level 11, -8/54 HPs)
             Began as a Tengu Air Elementalist on June 27, 2021.
             Was an Elder of Dithmenos.
             Mangled by a six-headed hydra (11 damage)
             ... on level 11 of the Dungeon.
             The game lasted 00:54:00 (30273 turns).

rhet the Zephyrmancer (Tengu Air Elementalist)     Turns: 30273, Time: 00:54:03

Health: -8/54      AC:  5    Str:  8    XL:     11   Next: 41%
Magic:  22/22      EV: 20    Int: 19    God:    Dithmenos [****..]
Gold:   575        SH:  0    Dex: 15    Spells: 8/23 levels left

rFire    + . .     SeeInvis .   d - +1 dagger
rCold    . . .     Faith    .   (no shield)
rNeg     . . .     Spirit   .   u - +1 robe {Will+}
rPois    .         Reflect  .   w - +2 hat
rElec    .         Harm     .   p - scarf {+Inv}
rCorr    .         Rampage  .   (no gloves)
Will     +....                  (boots unavailable)
Stlth    ++++......             i - amulet of the acrobat
HPRegen  0.18/turn              G - ring of protection from fire
MPRegen  0.18/turn              (no ring)

@: flying quickly and evasively, wreathed by umbra, quick
A: beak, talons 3, able to fly
a: Stop Flying, Renounce Religion, Evoke Invisibility, Shadow Step


You were on level 11 of the Dungeon.
You worshipped Dithmenos.
Dithmenos was greatly pleased with you.
You visited 1 branch of the dungeon, and saw 12 of its levels.
You also visited: Sewer.

You collected 740 gold pieces.
You spent 165 gold pieces at shops.

Inventory:

Hand Weapons
 d - a +1 dagger (weapon)
 r - a +4 battleaxe of freezing
Armour
 a - a +0 robe
 e - a +2 buckler
 p - a scarf of invisibility (worn)
 u - a +1 robe of willpower (worn)
 w - a +2 hat (worn)
Jewellery
 i - an amulet of the acrobat (around neck)
 G - a ring of protection from fire (left hand)
Wands
 c - a wand of digging (5)
 y - a wand of iceblast (3)
 F - a wand of flame (12)
Scrolls
 b - 2 scrolls of enchant weapon
 j - 4 scrolls of immolation
 k - 3 scrolls of teleportation
 l - a scroll of remove curse
 n - a scroll of fog
 o - a scroll of blinking {unknown}
 s - 2 scrolls of magic mapping
 t - a scroll of random uselessness {unknown}
 A - 2 scrolls of noise {unknown}
 C - 2 scrolls of amnesia
 D - a scroll of vulnerability {unknown}
Potions
 f - a potion of might
 g - 6 potions of curing
 h - 4 potions of brilliance {unknown}
 m - a potion of heal wounds
 q - 2 potions of attraction
 v - a potion of ambrosia
 x - 3 potions of haste
 z - 4 potions of magic {unknown}
 B - 2 potions of lignification {unknown}
 E - a potion of degeneration {unknown}


   Skills:
 + Level 2.0 Short Blades
 + Level 7.6 Dodging
 - Level 5.3 Stealth
 + Level 6.6 Spellcasting
 + Level 11.9 Conjurations
 * Level 1.6 Necromancy
 - Level 12.2 Air Magic
 + Level 4.0 Evocations


You had 8 spell levels left.
You knew the following spells:

 Your Spells              Type           Power        Failure   Level
a - Shock                 Conj/Air       100%         1%          1
b - Swiftness             Air            52%          1%          2
c - Static Discharge      Conj/Air       51%          1%          3
d - Airstrike             Air            26%          1%          4
e - Lightning Bolt        Conj/Air       25%          1%          5

Your spell library contained the following spells:

 Spells                   Type           Power        Failure   Level
 Animate Skeleton         Necr           24%          5%          1
 Pain                     Necr           48%          5%          1
 Vampiric Draining        Necr           6%           16%         3
 Animate Dead             Necr           6%           47%         4
 Agony                    Necr           12%          83%         5


Dungeon Overview and Level Annotations

Branches:
Dungeon (12/15)            Temple (0/1) D:5            Lair (0/6) D:10
  Sewer (visited)
    Orc: D:9-12

Altars:
Cheibriados
Dithmenos
Elyvilon
Fedhas
Gozag
Makhleb
Nemelex Xobeh
Okawaru
Qazlal
Trog
Vehumet
Yredelemnul
Zin
Beogh

Shops:
D:8 *

Portals:
Abyss: D:6

Annotations:
D:6 2 transporters, oc3rt's ghost, novice KoHu


Innate Abilities, Weirdness & Mutations

You have a beak for a mouth.
You have claws for feet.
You can fly continuously.


Message History

The orc completely misses you.
Casting: Shock (safe; 1% risk of failure)
Confirm with . or Enter, or press ? or * to list all spells.
Okay, then.
Casting: Shock (safe; 1% risk of failure)
Confirm with . or Enter, or press ? or * to list all spells.
Aiming: Airstrike (dangerous; 1% risk of failure)
Press: ? - help, Dir - move target, f/p - orc
Aim: an orc, wielding a +0 mace (lightly wounded, umbra)
Okay, then.
The orc wizard shouts!
There is a stone staircase leading up here.
You fly upwards.
The six-headed hydra bites you! x4
* * * LOW HITPOINT WARNING * * *
The six-headed hydra bites you but does no damage.
The six-headed hydra bites you.
* * * LOW HITPOINT WARNING * * *
The six-headed hydra bites you but does no damage.
The six-headed hydra bites you!
You die...

## #.
#######################.
.......@D...............
.######.###############.
...# ## ##..# ######
.... ...... ..... ....##
...... .. # ..Z..... # #


You could see a six-headed hydra and a wyvern skeleton (wandering).

Vanquished Creatures
  2 two-headed ogres
  A troll (D:10)
  Prince Ribbit (D:9)
  A vampire (D:9)
  5 yaks (D:10)
  A water moccasin (D:10)
  4 sky beasts
  5 ice beasts
  4 orc warriors
  2 black bears
  An eye of draining (D:11)
  2 phantoms
  6 ogres
  4 centaurs
  A wolf (D:10)
  2 big kobolds (D:9)
  4 bullfrogs
  8 scorpions
  5 killer bees
  5 wights (D:10)
  6 howler monkeys
  An electric eel (D:10)
  4 quasits
  2 bullfrog zombies
  A centaur zombie (D:7)
  10 hounds
  7 jellies
  12 orc priests
  3 bullfrog skeletons
  A centaur skeleton (D:4)
  7 iguanas
  17 orc wizards
  5 worker ants
  A hound zombie (D:6)
  2 hound skeletons (D:6)
  A howler monkey zombie (D:7)
  6 gnolls
  13 adders
  A river rat (D:3)
  A white imp (D:5)
  4 ufetubi
  2 oozes
  An adder zombie (D:5)
  An adder skeleton (D:7)
  4 worms
  3 dart slugs
  8 leopard geckos
  64 orcs
  9 bats
  13 giant cockroaches
  7 goblins
  3 hobgoblins (D:1)
  11 jackals
  4 quokkas
  4 ball pythons
  A ball python skeleton (D:4)
  15 frilled lizards
  16 kobolds
  4 leopard gecko skeletons
  4 quokka skeletons
  9 rats
352 creatures vanquished.

Vanquished Creatures (others)
  6 fungi (D:8)
  7 plants (D:8)
13 creatures vanquished.

Grand Total: 365 creatures vanquished

Notes
Turn   | Place    | Note
-------+----------+-------------------------------------------
     0 | D:1      | rhet the Tengu Air Elementalist began the quest for the
                  | Orb.
     0 | D:1      | Reached XP level 1. HP: 10/10 MP: 4/4
   102 | D:1      | Reached XP level 2. HP: 6/15 MP: 0/6
  1101 | D:1      | Reached XP level 3. HP: 15/19 MP: 1/7
  2099 | D:2      | Found a blossoming altar of Fedhas.
  2667 | D:2      | Learned a level 2 spell: Swiftness
  2836 | D:3      | Reached XP level 4. HP: 19/24 MP: 5/8
  2907 | D:3      | Found a shadowy altar of Dithmenos.
  3034 | D:3      | Reached skill level 5 in Air Magic
  3102 | D:3      | Became a worshipper of Dithmenos the Shadowed
  3112 | D:3      | Found a bloodstained altar of Trog.
  3123 | D:3      | Found an opulent altar of Gozag.
  3174 | D:3      | Found a snail-covered altar of Cheibriados.
  3344 | D:3      | Found a glowing drain.
  3358 | Sewer    | Entered a sewer
  4271 | Sewer    | Noticed a bullfrog
  4291 | Sewer    | Killed a bullfrog
  4292 | Sewer    | Gained mutation: You can fly continuously. [Tengu growth]
  4292 | Sewer    | Reached XP level 5. HP: 25/28 MP: 3/10
  4600 | D:3      | Learned a level 3 spell: Static Discharge
  4803 | D:3      | Reached * piety under Dithmenos
  5232 | D:3      | Reached XP level 6. HP: 32/32 MP: 1/11
  6205 | D:4      | Reached skill level 6 in Air Magic
  7000 | D:4      | Noticed a sky beast
  7012 | D:4      | Killed a sky beast
  7013 | D:4      | Reached skill level 5 in Conjurations
  7184 | D:4      | Reached XP level 7. HP: 25/36 MP: 5/13
  7936 | D:4      | Reached skill level 7 in Air Magic
  9179 | D:5      | Entered Level 5 of the Dungeon
  9244 | D:5      | Found a glowing silver altar of Zin.
 10596 | D:5      | Reached XP level 8. HP: 20/39 MP: 1/14
 10848 | D:5      | Found an opulent altar of Gozag.
 10853 | D:5      | Reached skill level 8 in Air Magic
 10966 | D:5      | Found a basalt altar of Yredelemnul.
 11773 | D:5      | Found a staircase to the Ecumenical Temple.
 11808 | D:5      | Found a sparkling altar of Nemelex Xobeh.
 11905 | D:5      | Learned a level 4 spell: Airstrike
 13134 | D:6      | Found a transporter.
 13141 | D:6      | Reached ** piety under Dithmenos
 13142 | D:6      | Reached skill level 5 in Dodging
 13354 | D:6      | Found a one-way gate to the infinite horrors of the Abyss.
 13354 | D:6      | Noticed oc3rt's ghost (novice KoHu)
 13364 | D:6      | Found a transporter.
 13590 | D:6      | Noticed an ice devil
 13641 | D:6      | Reached XP level 9. HP: 45/45 MP: 1/16
 13730 | D:6      | Reached skill level 9 in Air Magic
 16790 | D:7      | Learned a level 5 spell: Lightning Bolt
 17631 | D:7      | Reached skill level 5 in Spellcasting
 17921 | D:7      | Reached skill level 10 in Air Magic
 18253 | D:7      | Found a white marble altar of Elyvilon.
 19824 | D:8      | Found Fonayqom's Assorted Antiques.
 20758 | D:8      | Found a roughly hewn altar of Beogh.
 21091 | D:9      | Noticed a two-headed ogre
 21163 | D:9      | Reached skill level 5 in Stealth
 21163 | D:9      | Reached XP level 10. HP: 50/50 MP: 9/19
 21367 | D:10     | Entered Level 10 of the Dungeon
 21372 | D:9      | Reached skill level 10 in Conjurations
 21829 | D:8      | Reached *** piety under Dithmenos
 22111 | D:8      | Found a stormy altar of Qazlal.
 22115 | D:8      | Found a blossoming altar of Fedhas.
 22290 | D:8      | Found a radiant altar of Vehumet.
 22295 | D:8      | Reached skill level 1 in Evocations
 22716 | D:8      | Reached skill level 11 in Air Magic
 23135 | D:8      | Bought a knobbly cabochon ring for 165 gold pieces
 23959 | D:9      | Reached **** piety under Dithmenos
 24030 | D:9      | Noticed Prince Ribbit
 24042 | D:9      | Killed Prince Ribbit
 25176 | D:9      | Found a burning altar of Makhleb.
 25347 | D:9      | Found an iron altar of Okawaru.
 25354 | D:9      | Killed a two-headed ogre
 26780 | D:10     | Reached XP level 11. HP: 54/54 MP: 12/21
 26909 | D:10     | Reached skill level 12 in Air Magic
 28140 | D:10     | Reached skill level 1 in Short Blades
 28173 | D:10     | Found a staircase to the Lair.
 29807 | D:11     | Noticed a two-headed ogre
 29812 | D:11     | Killed a two-headed ogre
 29813 | D:11     | Reached skill level 1 in Necromancy
 29966 | D:11     | Noticed a six-headed hydra
 30273 | D:11     | Mangled by a six-headed hydra

Illustrated notes

Levels and vault maps discovered:
D:1:      eino_arrival_druids_welcome, layout_basic
D:2:      layout_basic, fedhas_altar_2
D:3:      kennysheep_six_static_rooms, layout_loops_ring, lemuel_round_altar,
          overflow_temple_1_default, nicolae_dithmenos_shadow_blocks,
          portal_sewer_entry_a, chequers_decorated_corner,
          grunt_gozag_breadcrumbs
D:4:      minmay_bubble_buster, layout_basic, serial_curves, eino_curves_03,
          eino_curves_04, eino_curves_03
D:5:      layout_loops_cross, grunt_temple_overflow_opulence,
          old_standard_altar, lemuel_crystal_altar, temple_hall_moat
D:6:      layout_basic, gammafunk_ghost_abyssal_escape
D:7:      layout_layer_cave, kennysheep_little_box
D:8:      layout_loops_ring, vehumet_altar_wand_db,
          grunt_temple_overflow_forces_of_nature, serial_shops,
          nicolae_shop_overgrown_old_shop, special_room [special_room_orc]
D:9:      layout_gridville, okawaru_gym_becter, overflow_temple_1_default,
          kennysheep_generic_room_7, uniq_prince_ribbit1
D:10:     layout_small_grid, erik_lair_island
D:11:     layout_basic, hiddenorc2_lemuel
D:12:     layout_cross, serial_rivers, chequers_serial_rivers_micro_d,
          chequers_serial_rivers_marsh, chequers_serial_rivers_micro_e,
          chequers_serial_rivers_small_3, chequers_serial_rivers_large_b,
          chequers_serial_rivers_micro_c, minmay_librarian

Skill      XL: |  1  2  3  4  5  6  7  8  9 10 11 |
---------------+----------------------------------+-----
Conjurations   | 2 3 4 5 6 8 9 11 | 11.9
Air Magic      | 5 6 7 8 10 11 12 | 12.2
Dodging        | 3 4 5 6 7 |  7.6
Spellcasting   | 3 4 5 6 |  6.6
Stealth        | 3 5 |  5.3
Evocations     | 2 4 |  4.0
Short Blades   | 2 |  2.0
Necromancy     | 1 |  1.6

Action                   |  1- 3 |  4- 6 |  7- 9 | 10-12 || total
-------------------------+-------+-------+-------+-------++-------
Melee: Dagger            |     8 |    28 |    65 |    40 ||   141
       Kick              |     2 |     6 |    14 |     6 ||    28
       Peck              |     1 |     7 |    11 |     3 ||    22
 Cast: Shock             |    68 |   148 |   176 |   131 ||   523
       Swiftness         |       |     2 |     1 |       ||     3
       Static Discharge  |       |     2 |    39 |    21 ||    62
       Airstrike         |       |       |    57 |   120 ||   177
 Abil: Evoke Invisibilit |       |     2 |     1 |     1 ||     4
       Fly               |       |     1 |       |       ||     1
Evoke: Wand              |       |       |     1 |     3 ||     4
  Use: Scroll            |     1 |     6 |     8 |     4 ||    19
       Potion            |       |     2 |     3 |     3 ||     8
 Stab: Sleeping          |     2 |     1 |     6 |     4 ||    13
       Invisible         |       |     1 |     1 |     4 ||     6
Armor: Robe              |    16 |    13 |    12 |    11 ||    52
Dodge: Dodged            |    24 |    69 |   146 |   142 ||   381
